Map: Simulacrum LE

Players

Iron

  • Race: Protoss Protoss
  • League: Diamond
  • Spawn Location: 11:00

xXxMeXixXx - Winner!

  • Race: Terran Terran
  • League: Master
  • Spawn Location: 5:00

VOD

Have the link to the VOD?

Description

Time

  • Played on: March 26, 2020, 3:33 p.m.
  • Length: 13:51
Show
View Real Time Build Order
Export as new Build Order

Iron Protoss 

Build Orders: Archon Immortal 

Get SALT Encoding   

  12  0:01  Probe  
  13  0:13  Pylon  
  13  0:18  Probe  
  14  0:30  Probe  
  14  0:34  Gateway  
  15  0:42  Assimilator  
  15  0:45  Probe (Chrono Boost)  
  16  0:54  Probe (Chrono Boost)  
  17  0:59  Probe (Chrono Boost)  
  18  1:11  Probe  
  19  1:23  Probe  
  19  1:24  Cybernetics Core  
  19  1:35  Probe  
  20  1:45  Nexus  
  20  1:51  Pylon  
  20  1:55  Probe  
  20  2:00  Stalker (Chrono Boost)  
  21  2:06  Warp Gate  
  23  2:14  Assimilator  
  23  2:15  Probe (Chrono Boost)  
  24  2:25  Stalker  
  24  2:26  Probe (Chrono Boost)  
  27  2:31  Probe (Chrono Boost)  
  28  2:40  Robotics Facility  
  28  2:42  Probe  
  29  2:54  Probe  
  29  2:56  Pylon  
  30  3:02  Probe (Chrono Boost)  
  31  3:06  Stalker  
  35  3:13  Probe (Chrono Boost)  
  35  3:14  Probe (Chrono Boost)  
  35  3:21  Probe (Chrono Boost)  
  35  3:22  Probe (Chrono Boost)  
  37  3:32  Probe  
  39  3:34  Probe, Observer (Chrono Boost)  
  39  3:36  Stalker  
  39  3:40  Twilight Council  
  42  3:44  Probe  
  42  3:45  Pylon  
  42  3:46  Probe  
  44  3:56  Probe  
  44  3:58  Probe  
  46  4:08  Probe  
  49  4:11  Immortal  
  49  4:12  Probe  
  49  4:14  Charge (Chrono Boost)  
  49  4:16  Gateway  
  52  4:20  Probe  
  52  4:23  Gateway  
  53  4:27  Probe  
  54  4:34  Probe  
  54  4:35  Pylon  
  55  4:46  Probe  
  55  4:51  Probe  
  57  4:54  Gateway  
  57  4:58  Zealot  
  57  4:59  Gateway  
  59  5:05  Nexus  
  59  5:16  Gateway  
  59  5:19  Gateway  
  59  5:22  Gateway  
  59  5:32  Zealot x3  
  65  5:37  Observer  
  65  5:39  Shield Battery  
  65  5:41  Probe  
  67  5:44  Pylon  
  67  5:55  Shield Battery  
  67  6:03  Probe, Immortal  
  67  6:04  Probe  
  73  6:05  Zealot  
  73  6:06  Zealot  
  77  6:11  Pylon  
  77  6:15  Pylon  
  77  6:20  Forge  
  77  6:24  Zealot x5  
  77  6:25  Zealot  
  89  6:30  Probe  
  89  6:31  Probe x2  
  92  6:39  Templar Archives  
  92  6:43  Probe x2  
  92  6:45  Zealot x2  
  92  6:46  Probe  
  99  6:55  Probe  
  99  6:56  Assimilator  
  99  6:57  Assimilator  
  99  6:59  Pylon  
  100  7:02  Pylon  
  100  7:04  Psionic Storm  
  100  7:06  Probe  
  101  7:20  Pylon  
  101  7:28  Assimilator  
  101  7:30  Assimilator  
  101  7:32  Zealot  
  101  7:33  Zealot x5  
  112  7:50  Pylon  
  112  8:00  Pylon  
  86  8:18  Zealot x4  
  86  8:19  High Templar, Protoss Ground Weapons Level 1 (Chrono Boost)  
  91  8:20  High Templar x3  
  91  8:22  Immortal  
  91  8:25  Probe  
  91  8:26  Probe x2  
  104  8:30  Pylon  
  104  8:38  Probe  
  104  8:40  Zealot x4  
  110  8:52  Zealot x2  
  110  8:53  Zealot x2  
  114  9:01  Immortal  
  114  9:02  Zealot x2  
  106  9:03  Zealot  
  106  9:09  Archon x2  
  90  9:11  Zealot  
  90  9:13  Probe x3  
  90  9:17  Blink (Chrono Boost)  
  87  9:26  Probe x3 (Chrono Boost)  
  90  9:33  Assimilator  
  90  9:38  Probe x2 (Chrono Boost)  
  93  9:39  Probe (Chrono Boost)  
  93  9:46  Probe x2 (Chrono Boost)  
  87  9:57  Stalker x3  
  87  9:58  Stalker  
  81  10:01  High Templar  
  81  10:02  High Templar  
  81  10:04  High Templar  
  81  10:05  High Templar  
  89  10:07  Probe  
  89  10:10  Protoss Ground Armor Level 1 (Chrono Boost)  
  90  10:25  High Templar x4  
  98  10:28  Nexus  
  98  10:36  Observer  
  99  10:43  High Templar x3  
  99  10:44  Probe x3  
  108  10:56  Probe x2  
  81  11:21  Zealot  
  81  11:22  Zealot x5  
  89  11:30  Probe x3  
  92  11:33  Archon x2  
  92  11:37  Observer  
  93  11:41  Gateway  
  93  11:42  Probe x3  
  96  11:47  Gateway  
  96  11:50  Stargate  
  96  11:52  Stargate  
  96  11:56  Zealot x2  
  96  11:57  Zealot x4  
  108  12:09  Photon Cannon  
  108  12:11  Photon Cannon  
  108  12:13  Pylon  
  108  12:19  Pylon  
  108  12:23  Zealot x2  
  108  12:24  Zealot, Photon Cannon  
  108  12:25  High Templar  
  114  12:37  Photon Cannon  
  114  12:46  Fleet Beacon  
  110  12:51  Shield Battery  
  110  12:54  Shield Battery  
  110  12:58  Photon Cannon, High Templar x5  
  118  12:59  High Templar  
  118  13:02  Pylon  
Show
View Real Time Build Order
Export as new Build Order

xXxMeXixXx Terran - Winner!

Build Orders: Reaper Expand 

Get SALT Encoding   

  12  0:01  SCV  
  13  0:13  SCV  
  14  0:17  Supply Depot  
  14  0:25  SCV  
  15  0:39  SCV  
  15  0:40  Barracks  
  16  0:45  Refinery  
  16  0:51  SCV  
  17  1:03  SCV  
  18  1:19  SCV  
  19  1:28  Reaper  
  19  1:31  Orbital Command  
  20  1:44  Command Center  
  20  1:55  Supply Depot  
  20  1:57  SCV  
  20  2:00  Marine  
  22  2:09  SCV  
  23  2:17  Bunker  
  23  2:20  Factory  
  23  2:25  Barracks Reactor  
  23  2:28  SCV  
  24  2:40  SCV  
  24  2:43  Refinery  
  25  2:52  SCV  
  25  2:57  Orbital Command  
  26  3:04  SCV  
  27  3:08  Starport  
  27  3:10  Marine x2  
  29  3:15  Factory Tech Lab  
  29  3:16  SCV  
  30  3:23  SCV  
  31  3:28  SCV  
  31  3:29  Marine x2  
  34  3:35  SCV  
  34  3:38  Cyclone  
  34  3:40  SCV  
  39  3:45  Supply Depot  
  39  3:47  SCV  
  40  3:49  Starport Tech Lab  
  40  3:52  SCV  
  41  3:59  SCV, Marine x2  
  43  4:04  SCV  
  43  4:08  Raven  
  46  4:11  SCV  
  46  4:14  Barracks  
  46  4:16  Barracks  
  46  4:17  SCV  
  48  4:20  Supply Depot  
  48  4:24  Engineering Bay  
  48  4:26  Engineering Bay  
  48  4:27  SCV  
  48  4:31  Siege Tank  
  52  4:32  SCV  
  52  4:36  Refinery  
  53  4:39  SCV  
  53  4:43  Supply Depot  
  53  4:44  SCV  
  55  4:50  Marine  
  55  4:51  SCV, Marine  
  58  4:57  SCV  
  59  5:03  SCV  
  60  5:09  SCV  
  61  5:15  SCV  
  61  5:17  Terran Infantry Weapons Level 1  
  61  5:19  Supply Depot, Refinery  
  61  5:20  Starport Reactor, Factory Reactor  
  61  5:21  SCV  
  63  5:23  Command Center  
  63  5:27  SCV  
  63  5:28  Marine  
  65  5:29  Stimpack  
  65  5:31  Marine x2  
  65  5:32  Marine  
  65  5:33  SCV  
  69  5:40  SCV  
  70  5:45  SCV  
  70  5:47  Supply Depot  
  73  5:50  Marauder  
  73  5:51  Armory  
  73  5:52  SCV, Marine  
  73  5:53  Marine  
  76  5:57  SCV  
  76  6:04  SCV  
  78  6:06  Barracks  
  78  6:08  Barracks  
  78  6:22  Medivac  
  78  6:23  Marauder, Widow Mine x2  
  78  6:24  Supply Depot  
  78  6:25  Supply Depot  
  86  6:34  SCV x2, Medivac, Marine x2  
  86  6:35  Marauder  
  94  6:44  Marine  
  94  6:46  SCV x2  
  97  6:47  Supply Depot  
  97  6:49  Supply Depot  
  97  6:51  Widow Mine  
  97  6:52  Marine  
  100  6:56  Marauder  
  100  6:58  SCV x2  
  100  7:00  Marine  
  106  7:02  Orbital Command  
  106  7:05  Marauder  
  106  7:06  Barracks Tech Lab  
  106  7:07  Barracks Reactor  
  107  7:09  Concussive Shells, Combat Shield  
  107  7:11  SCV x2, Terran Infantry Armor Level 1  
  109  7:21  Marine x2  
  111  7:23  SCV x2  
  111  7:26  Marine x2  
  116  7:30  SCV  
  116  7:31  Marine  
  116  7:35  SCV x2  
  119  7:41  Command Center  
  119  7:42  SCV, Supply Depot  
  120  7:45  Marauder  
  120  7:47  SCV x2  
  120  7:49  Engineering Bay  
  120  7:50  Marine  
  120  7:51  Marine x2  
  126  7:54  SCV  
  128  7:59  SCV x2  
  128  8:01  Supply Depot  
  128  8:05  Supply Depot, Refinery, Marauder x2  
  133  8:07  Refinery  
  133  8:12  Marine x2  
  129  8:15  Marine x3  
  129  8:20  SCV x3  
  129  8:23  Command Center  
  129  8:26  Marine x2  
  134  8:29  Marine  
  134  8:30  Marine  
  134  8:32  SCV x2  
  138  8:35  Medivac, Marauder  
  142  8:44  Marauder  
  143  8:53  Marauder  
  145  8:56  SCV x2, Marauder  
  145  8:59  Marine  
  145  9:00  SCV, Marine  
  147  9:09  Marine x3  
  128  9:14  Marine  
  128  9:16  Medivac x2  
  122  9:17  Marine  
  122  9:19  Terran Infantry Weapons Level 2  
  122  9:22  Marine x2  
  125  9:25  SCV  
  125  9:27  Marine  
  125  9:29  Marine x2  
  127  9:34  Marine  
  127  9:35  Marine, Barracks  
  127  9:36  Barracks  
  127  9:38  Widow Mine x2, Starport  
  133  9:39  Barracks  
  133  9:41  Marine  
  134  9:46  Medivac  
  134  9:47  Marauder  
  134  9:52  Marauder  
  132  9:53  Marauder  
  132  9:55  Marine x2  
  132  9:59  SCV x2  
  138  10:01  SCV  
  139  10:09  Marauder  
  139  10:10  Ghost Academy  
  139  10:11  SCV  
  139  10:13  Fusion Core  
  139  10:14  SCV, Terran Ship Weapons Level 1, Marauder x2  
  145  10:15  Marine  
  145  10:18  Marine x2  
  150  10:25  Terran Infantry Armor Level 2  
  150  10:30  Planetary Fortress  
  150  10:32  Refinery, Barracks Tech Lab  
  150  10:33  Barracks Tech Lab x2  
  150  10:34  Marauder, Marine x2  
  150  10:35  Marauder  
  156  10:43  Supply Depot  
  156  10:46  Marauder, Marine x2  
  156  10:48  Supply Depot  
  156  10:49  Supply Depot  
  160  10:50  Enhanced Shockwaves  
  160  10:51  Ghost  
  160  10:54  Ghost  
  160  10:56  Marauder  
  166  11:03  Ghost x2  
  166  11:09  Ghost  
  172  11:17  Ghost  
  165  11:20  Ghost  
  161  11:25  SCV x2  
  161  11:32  SCV, Marine x2  
  160  11:34  Marine  
  160  11:37  SCV  
  160  11:38  Medivac x2  
  160  11:39  Starport Reactor  
  166  11:40  Advanced Ballistics  
  166  11:45  Marine x2  
  170  11:47  SCV, Marauder  
  170  11:49  Refinery  
  170  11:51  Marine x2  
  170  11:52  Command Center  
  173  11:56  Marauder x2  
  176  12:02  Ghost  
  176  12:05  Marine  
  176  12:07  Marauder x2  
  176  12:08  Widow Mine x2, Liberator x2  
  185  12:10  Marine x2  
  195  12:30  Widow Mine  
  195  12:38  Marine  
  196  12:45  Command Center  
  196  12:46  Marine  
  196  12:49  Marauder  
  196  12:50  Supply Depot x2  
  196  12:51  Marauder  
  195  12:55  Factory  
  195  13:03  Ghost, Liberator  
  200  13:12  Ghost  
  200  13:15  Ghost  
  190  13:30  Marauder x2  
  190  13:33  Marine x4  
Tags
 
Add a new tag
Caveats
  • Supply blocks, unpowered buildings, or Contaminate may cause inaccurate times.
  • Supply counts are checked every 10 seconds.